Map: Habitation Station LE (Void)

Players

Shion

  • Race: Zerg Zerg
  • League: Gold
  • Spawn Location: 11:00

Fropez - Winner!

  • Race: Protoss Protoss
  • League: Gold
  • Spawn Location: 1:00

VOD

Have the link to the VOD?

Description

Time

  • Played on: Jan. 1, 2017, 1:52 a.m.
  • Length: 18:29
Show
View Real Time Build Order
Export as new Build Order

Shion Zerg 

Build Orders: Hatch First 

Get SALT Encoding   

  12  0:04  Drone  
  13  0:13  Overlord  
  13  0:18  Drone  
  14  0:42  Drone x3  
  17  0:55  Extractor  
  16  1:00  Hatchery  
  16  1:03  Drone  
  16  1:18  Spawning Pool  
  15  1:20  Drone  
  16  1:34  Extractor, Drone x2  
  17  1:59  Overlord  
  17  2:04  Queen  
  17  2:06  Zergling x4  
  21  2:12  Queen  
  21  2:13  Zergling x2  
  24  2:19  Drone  
  25  2:28  Drone  
  25  2:29  Drone  
  27  2:36  Drone x2  
  29  2:47  Metabolic Boost  
  29  2:50  Queen  
  31  3:06  Roach Warren  
  31  3:09  Drone  
  31  3:10  Drone x2  
  33  3:13  Overlord  
  33  3:29  Drone x2  
  33  3:34  Overlord  
  35  3:37  Lair  
  35  3:50  Extractor  
  35  3:51  Drone x2  
  35  3:52  Drone x2  
  38  3:55  Pneumatized Carapace  
  38  4:13  Roach  
  38  4:14  Roach  
  42  4:17  Roach  
  44  4:29  Spore Crawler  
  40  4:55  Hatchery  
  40  4:57  Roach x6  
  40  4:59  Overlord x2  
  51  5:17  Overlord x3  
  51  5:20  Glial Reconstitution  
  51  5:23  Drone x2  
  51  5:24  Drone x3  
  56  5:30  Zergling x2  
  57  5:42  Overseer  
  57  6:04  Evolution Chamber  
  57  6:07  Zergling x4  
  57  6:08  Zergling x8, Drone x4  
  57  6:10  Ravager x2  
  57  6:11  Ravager  
  69  6:12  Queen, Spore Crawler  
  69  6:14  Drone  
  71  6:28  Zergling x4, Roach  
  71  6:29  Zergling x4, Roach x2  
  81  6:35  Drone x3  
  81  6:36  Drone  
  85  6:43  Extractor  
  85  6:44  Drone  
  85  6:45  Drone  
  86  7:05  Zergling x12, Drone x3, Roach  
  81  7:57  Zergling x6  
  81  7:58  Zergling x10  
  84  8:02  Zergling x8  
  83  8:11  Zergling x2  
  73  8:25  Zergling x2  
  73  8:26  Zergling x4  
  68  8:36  Zergling x4  
  68  8:38  Zergling x6  
  73  8:55  Zergling x8  
  76  9:00  Hatchery  
  75  9:11  Overlord, Zergling x4  
  75  9:12  Hatchery, Zergling x2, Roach  
  75  9:16  Zerg Ground Armor Level 1  
  68  9:31  Zergling x6, Roach  
  58  9:46  Zergling x4  
  58  9:53  Zergling x6, Roach  
  59  10:02  Zergling x2  
  60  10:22  Zergling x6, Roach  
  60  10:23  Zergling x2, Roach x2  
  69  10:36  Zergling x6, Roach x2  
  73  10:49  Zergling x2  
  70  10:50  Zergling x6, Roach x4  
  71  11:00  Zergling x2  
  71  11:01  Roach x2  
  69  11:06  Zergling x4, Roach x2  
  69  11:10  Zerg Melee Weapons Level 1  
  69  11:11  Roach  
  66  11:20  Zergling x2  
  66  11:21  Zergling x2, Roach x3  
  67  11:33  Roach x3  
  73  11:41  Hydralisk Den  
  73  11:44  Zergling x10, Roach x4  
  80  11:50  Roach  
  80  11:53  Overseer  
  77  11:54  Overseer  
  77  11:55  Overlord x2  
  77  11:59  Queen  
  77  12:00  Drone  
  78  12:03  Queen  
  78  12:05  Drone x3  
  83  12:11  Hydralisk x2  
  83  12:12  Hydralisk, Zergling x6, Roach x2  
  96  12:16  Ravager x6  
  96  12:17  Ravager x2  
  96  12:18  Drone x2  
  106  12:26  Lurker Den  
  106  12:29  Drone x2  
  108  12:30  Drone x2  
  110  12:39  Queen  
  112  12:56  Zergling x8, Roach x2  
  120  12:58  Overlord x3  
  120  13:00  Overlord  
  120  13:04  Zerg Missile Weapons Level 1  
  120  13:06  Extractor  
  120  13:08  Drone  
  109  13:35  Hydralisk x2, Zergling x12, Roach x6  
  109  13:36  Zergling x2, Roach x2  
  128  13:44  Zergling x2  
  128  13:45  Zergling x6, Roach x3  
  105  13:57  Zergling x6, Roach x2  
  105  14:01  Zergling x6, Roach  
  105  14:03  Zergling x2  
  105  14:08  Zergling x6, Roach  
  104  14:13  Zergling x2  
  104  14:14  Roach  
  96  14:18  Zergling x2  
  96  14:21  Zergling x2  
  96  14:22  Zergling x2, Roach  
  91  14:27  Zergling x2  
  91  14:28  Roach x2  
  84  14:45  Zergling x8, Roach x3  
  86  14:53  Overseer  
  86  14:54  Overseer  
  86  14:56  Hydralisk, Zergling x4  
  86  14:57  Zergling x2  
  91  15:01  Zerg Ground Armor Level 2  
  91  15:05  Extractor  
  90  15:10  Extractor  
  90  15:11  Hydralisk, Zergling x6, Roach x3  
  90  15:12  Zergling x2, Roach  
  103  15:19  Zergling x2  
  103  15:20  Zergling x2  
  105  15:22  Zergling x2  
  106  15:33  Drone x3  
  106  15:34  Zergling x6, Drone x3  
  106  15:35  Zergling x2  
  116  15:37  Zergling x10  
  116  15:40  Queen  
  123  15:50  Zergling x12  
  129  16:08  Zergling x4  
  129  16:09  Overlord, Zergling x10  
  129  16:10  Overlord x3  
  136  16:14  Overlord  
  136  16:19  Muscular Augments  
  136  16:29  Zergling x2  
  136  16:30  Zergling x12, Roach  
  136  16:31  Zergling x2  
  147  16:32  Zergling x2  
  147  16:56  Extractor  
  147  16:58  Hydralisk, Zergling x2  
  147  16:59  Hydralisk x4, Zergling x12  
  147  17:00  Zergling x2  
  164  17:04  Overlord  
  159  17:24  Hydralisk, Zergling x2, Roach  
  159  17:25  Zergling x10, Roach x5  
  158  17:32  Zergling x4, Roach  
  158  17:33  Zergling x4  
  158  17:35  Roach  
  97  17:49  Zergling x2  
  97  17:50  Zergling x6, Roach x2  
  82  17:53  Zergling x2  
  82  17:54  Zergling x2  
  82  17:57  Drone  
  67  18:02  Roach  
  67  18:05  Zergling x4  
  57  18:11  Zergling x2  
Show
View Real Time Build Order
Export as new Build Order

Fropez Protoss - Winner!

Build Orders:  

Get SALT Encoding   

  12  0:01  Probe (Chrono Boost)  
  13  0:11  Probe (Chrono Boost)  
  14  0:24  Probe (Chrono Boost)  
  14  0:25  Pylon  
  15  0:44  Probe (Chrono Boost)  
  16  0:53  Gateway  
  16  0:55  Probe (Chrono Boost)  
  17  1:06  Probe (Chrono Boost)  
  18  1:16  Probe (Chrono Boost)  
  19  1:27  Probe (Chrono Boost)  
  20  1:33  Pylon  
  20  1:41  Probe (Chrono Boost)  
  21  1:50  Gateway  
  21  1:52  Zealot  
  21  1:53  Cybernetics Core  
  21  2:01  Probe (Chrono Boost)  
  24  2:02  Pylon  
  24  2:11  Assimilator  
  24  2:13  Probe (Chrono Boost), Assimilator  
  24  2:28  Nexus  
  24  2:33  Warp Gate  
  24  2:39  Probe (Chrono Boost)  
  25  3:02  Probe (Chrono Boost)  
  26  3:10  Pylon  
  28  3:22  Mothership Core (Chrono Boost)  
  28  3:24  Adept x2  
  28  3:25  Pylon  
  32  3:41  Probe (Chrono Boost)  
  32  3:42  Probe (Chrono Boost)  
  32  3:44  Twilight Council  
  32  3:45  Gateway  
  33  3:52  Probe (Chrono Boost)  
  33  3:53  Adept  
  33  3:54  Probe (Chrono Boost)  
  37  4:05  Probe (Chrono Boost)  
  37  4:06  Probe (Chrono Boost)  
  39  4:11  Assimilator  
  39  4:15  Probe (Chrono Boost)  
  40  4:19  Assimilator  
  40  4:21  Probe (Chrono Boost)  
  40  4:23  Blink  
  40  4:24  Pylon  
  39  4:47  Pylon, Stalker x2  
  41  4:53  Pylon  
  41  4:54  Stalker  
  45  5:00  Probe (Chrono Boost)  
  45  5:01  Probe (Chrono Boost)  
  45  5:10  Probe (Chrono Boost)  
  45  5:12  Stalker  
  45  5:13  Probe (Chrono Boost)  
  49  5:21  Probe (Chrono Boost)  
  50  5:25  Probe (Chrono Boost)  
  51  5:31  Probe (Chrono Boost)  
  52  5:37  Probe (Chrono Boost)  
  52  5:42  Probe (Chrono Boost)  
  54  5:56  Forge  
  54  5:57  Probe (Chrono Boost)  
  54  5:58  Probe (Chrono Boost)  
  54  6:00  Forge  
  54  6:01  Gateway  
  54  6:05  Stalker x3  
  61  6:11  Pylon  
  61  6:12  Probe (Chrono Boost)  
  61  6:13  Probe (Chrono Boost)  
  62  6:25  Probe (Chrono Boost)  
  64  6:26  Probe (Chrono Boost)  
  64  6:29  Stalker x2  
  64  6:30  Stalker  
  70  6:45  Protoss Ground Weapons Level 1, Protoss Ground Armor Level 1  
  70  6:52  Probe (Chrono Boost)  
  70  6:53  Probe (Chrono Boost)  
  70  6:54  Stalker x3  
  78  7:10  Probe (Chrono Boost)  
  78  7:11  Probe (Chrono Boost)  
  80  7:25  Robotics Facility  
  80  7:26  Probe x2 (Chrono Boost)  
  80  7:28  Adept, Pylon  
  79  7:43  Adept x2  
  74  8:02  Probe x2 (Chrono Boost)  
  74  8:05  Gateway x2  
  72  8:13  Pylon  
  58  8:38  Protoss Ground Armor Level 2  
  58  8:43  Pylon  
  58  8:44  Photon Cannon  
  58  8:45  Pylon  
  58  8:49  Pylon  
  58  8:50  Immortal  
  58  8:54  Protoss Ground Weapons Level 2  
  62  9:03  Charge  
  62  9:04  Zealot x2  
  62  9:05  Zealot x2  
  68  9:13  Probe x2 (Chrono Boost)  
  68  9:15  Cybernetics Core  
  70  9:18  Pylon  
  68  9:27  Photon Cannon  
  68  9:29  Photon Cannon  
  66  9:40  Probe x2 (Chrono Boost)  
  66  9:52  Probe x2 (Chrono Boost)  
  66  9:56  Sentry x4  
  66  9:57  Sentry  
  72  10:01  Gateway  
  72  10:24  Zealot x2  
  72  10:25  Zealot x3  
  80  10:36  Immortal  
  78  11:01  Zealot x5  
  86  11:12  Nexus  
  86  11:14  Pylon  
  86  11:17  Pylon  
  84  11:26  Probe x2 (Chrono Boost)  
  84  11:31  Protoss Ground Weapons Level 3  
  82  11:38  Probe (Chrono Boost)  
  82  11:39  Immortal  
  87  11:41  Gateway  
  87  11:48  Pylon  
  87  11:51  Protoss Ground Armor Level 3  
  77  12:05  Photon Cannon  
  77  12:06  Gateway  
  77  12:08  Gateway  
  77  12:19  Immortal  
  81  12:27  Photon Cannon  
  81  12:36  Probe x2 (Chrono Boost)  
  83  12:38  Assimilator  
  83  12:42  Assimilator  
  83  12:47  Photon Cannon  
  83  12:52  Gateway  
  83  12:57  Zealot x5  
  83  12:58  Immortal  
  97  13:06  Sentry  
  97  13:07  Sentry  
  97  13:30  Stalker  
  97  13:31  Stalker x5  
  97  13:32  Stalker x2  
  101  13:42  Gateway  
  101  13:44  Pylon, Zealot  
  83  13:56  Zealot x2  
  83  13:57  Zealot x2  
  91  14:03  Zealot  
  91  14:04  Protoss Shields Level 1, Zealot  
  85  14:18  Immortal  
  85  14:26  Zealot x2  
  85  14:38  Templar Archives  
  79  15:06  Robotics Bay  
  79  15:07  Robotics Facility  
  79  15:15  High Templar x7  
  79  15:16  High Templar, Pylon  
  79  15:19  Photon Cannon  
  95  15:23  Archon x3  
  95  15:24  Archon  
  95  15:39  Zealot  
  95  15:40  Zealot x2  
  101  15:45  Warp Prism  
  103  15:56  Nexus  
  103  16:08  High Templar x3  
  109  16:12  Archon  
  109  16:19  Zealot x4  
  109  16:21  Observer  
  118  16:27  Probe (Chrono Boost)  
  118  16:28  Probe x2 (Chrono Boost)  
  121  16:33  Pylon  
  121  16:35  Pylon  
  121  16:42  Assimilator  
  121  16:45  Zealot x2  
  125  16:47  Assimilator  
  125  16:56  Zealot x3  
  131  17:11  Pylon  
  131  17:15  Zealot x5  
  104  17:48  Zealot x3  
  104  17:49  Zealot x4  
  104  17:50  Zealot x2  
  104  17:51  Zealot  
  106  18:13  Probe x2 (Chrono Boost)  
  106  18:14  Probe x2 (Chrono Boost)  
Tags
 
Add a new tag
Caveats
  • Supply blocks, unpowered buildings, or Contaminate may cause inaccurate times.
  • Supply counts are checked every 10 seconds.